 Dungeon Crawl Stone Soup version 0.17-a0-1115-g0372368 (webtiles) character file.

89 MonkeyBuisness the Skirmisher (level 4, -3/41 HPs)
             Began as a Minotaur Fighter on May 23, 2015.
             Slain by Grinder (6 damage)
             ... on level 3 of the Dungeon.
             The game lasted 00:07:17 (1922 turns).

MonkeyBuisness the Skirmisher (Minotaur Fighter)    Turns: 1922, Time: 00:07:17

Health: -3/41      AC:  8    Str: 20 (22) XL:     4   Next: 31%
Magic:  3/3        EV: 10    Int:  5      God:
Gold:   110        SH:  0    Dex:  9      Spells: 0 memorised, 3 levels left

rFire  . . .     SeeInvis .     a - +0 war axe
rCold  . . .     Clarity  .     b - +0 scale mail
rNeg   . . .     SustAt   .     (no shield)
rPois  .         Gourm    .     (helmet restricted)
rElec  .         Spirit   .     (no cloak)
rCorr  .         Warding  .     h - +0 pair of gloves
rMut   .         Stasis   .     (no boots)
MR     .....                    (no amulet)
Stlth  ..........               (no ring)
                                (no ring)

@: not resistant to hostile enchantments, extremely unstealthy
A: retaliatory headbutt, horns 2
a: no special abilities


You were on level 3 of the Dungeon.
You were not hungry.

You visited 1 branch of the dungeon, and saw 3 of its levels.

You collected 110 gold pieces.

Inventory:

Hand weapons
 a - a +0 war axe (weapon)
Armour
 b - a +0 scale mail (worn)
 d - a +0 chain mail
   (You found it on level 2 of the Dungeon)
 h - a +0 pair of gloves (worn)
   (You found it on level 2 of the Dungeon)
Scrolls
 c - 2 scrolls of identify {unknown}
 g - a scroll of immolation {unknown}
 j - a scroll of magic mapping {unknown}
 l - a scroll of blinking {unknown}
Potions
 f - a potion of degeneration {!q}
 i - a potion of mutation {unknown}
 m - a potion of curing {unknown}
Comestibles
 e - a bread ration {@e1}
 k - a meat ration {@e2}


   Skills:
 + Level 4.4 Fighting
 + Level 3.2 Axes
 + Level 4.3 Armour
 + Level 2.1 Dodging
   Level 3.6 Shields


You had 3 spell levels left.
You didn't know any spells.

Dungeon Overview and Level Annotations

Branches:
Dungeon (3/15)

Altars:
Ru
Xom

Annotations:
D:3 Grinder


Innate Abilities, Weirdness & Mutations

You reflexively headbutt those who attack you in melee.
You have a pair of horns on your head.


Message History

You continue taking off your +0 scale mail. x4
You finish taking off your +0 scale mail.
You start putting on your armour.
You continue putting on your chain mail. x5
You finish putting on your +0 chain mail.
You start removing your armour.
You continue taking off your +0 chain mail. x4
You finish taking off your +0 chain mail.
You start putting on your armour.
You continue putting on your +0 scale mail. x5
You finish putting on your +0 scale mail.
You regained 2 hp, and now have 22/41 hp.
You drop 4 fruits.
You see here a whip.
There is an escape hatch in the ceiling here.
m - a murky puce potion You regained 4 hp, and now have 26/41 hp.
Done exploring.
Done exploring.
There is a stone staircase leading down here.
You regained 3 hp, and now have 30/41 hp.
You start resting.
You are starving!
You regained 8 hp, and now have 38/41 hp.
Eat which item? (? for menu, Esc to quit)
You continue eating. x2
You finish eating.
That meat ration really hit the spot!
You climb downwards.
There is a stone staircase leading up here.
You found a teleport trap!
Health restored: 41 Grinder comes into view.
Grinder shouts!
Grinder zaps a wand.
Your will is overpowered!
You are confused.
It is a wand of enslavement.
You bump into the rock wall.
Grinder gestures at you.
You suddenly lose the ability to move!
Grinder zaps a wand.
You resist with some effort.
You can move again.
You feel less confused. Grinder gestures at you. Pain shoots through your body!
You take 9 damage, and have 32/41 hp.
MASSIVE DAMAGE!!
Grinder hits you.
You writhe in agony.
You take 6 damage, and have 26/41 hp.
You are too injured to fight recklessly!
You are too injured to fight recklessly!
You closely miss Grinder. Grinder hits you.
You writhe in agony.
Grinder zaps a wand.
Your will is overpowered!
You are confused.
You take 7 damage, and have 19/41 hp.
It was a potion of degeneration.
There was something very wrong with that liquid.
You feel weakened.
Grinder gestures.
Grinder blinks!
You bump into the rock wall.
Grinder zaps a wand.
You resist with some effort.
You're too confused to move!
Grinder zaps a wand.
You resist with some effort.
You bump into the rock wall.
Grinder gestures at you. Pain shoots through your body!
* * * LOW HITPOINT WARNING * * *
You take 12 damage, and have 7/41 hp.
MASSIVE DAMAGE!!
Grinder gestures at you.
You barely resist.
You are too injured to fight recklessly!
Grinder is nearby!
Grinder is nearby!
Grinder is nearby!
Grinder is nearby!
Grinder is nearby!
Grinder is nearby!
Grinder is nearby!
You feel less confused. Grinder barely misses you. You furiously retaliate!
You headbutt Grinder! You hit Grinder but do no damage. You headbutt Grinder.
Grinder barely misses you. You furiously retaliate!
You headbutt Grinder! You hit Grinder. Grinder hits you but does no damage.
You closely miss Grinder. Grinder gestures at you.
Pain shoots through your body!
* * * LOW HITPOINT WARNING * * *
Grinder misses you. You furiously retaliate!
You headbutt Grinder.
You take 6 damage, and have 2/41 hp.
You hit Grinder. Your headbutt misses Grinder.
Grinder zaps a wand.
You resist with some effort.
You hit Grinder. Grinder hits you.
You die...

.. .# # .# #.## .##
###.#. .. #..... .#
#.....###.#
#....#5@.#
#....##.## #..^.##.#
#.......# #.......#
###..####
#..#################
#........##.........
#...####......#####


You could see Grinder.

Vanquished Creatures
  A gnoll (D:2)
  2 adders (D:2)
  2 worms (D:2)
  2 giant geckos (D:1)
  11 bats
  10 hobgoblins
  5 kobolds
  A quokka (D:2)
  4 giant cockroaches
  A giant newt (D:2)
  4 goblins (D:2)
  5 rats (D:1)
48 creatures vanquished.

Notes
Turn   | Place    | Note
--------------------------------------------------------------
     0 | D:1      | MonkeyBuisness the Minotaur Fighter began the quest for the Orb.
     0 | D:1      | Reached XP level 1. HP: 19/19 MP: 0/0
   144 | D:1      | Reached XP level 2. HP: 27/27 MP: 1/1
   169 | D:1      | Reached skill level 1 in Dodging
   398 | D:1      | Reached skill level 4 in Armour
   873 | D:2      | Reached XP level 3. HP: 33/33 MP: 2/2
   895 | D:2      | Reached skill level 4 in Fighting
  1002 | D:2      | Reached skill level 3 in Axes
  1211 | D:2      | Found a sacrificial altar of Ru.
  1285 | D:2      | Reached XP level 4. HP: 39/41 MP: 3/3
  1293 | D:2      | Reached skill level 2 in Dodging
  1673 | D:2      | Found a shimmering altar of Xom.
  1899 | D:3      | Noticed Grinder
  1900 | D:3      | Paralysed by Grinder for 2 turns
  1915 | D:3      | HP: 7/41 [Grinder/nerve-wracking pain (12)]
  1920 | D:3      | HP: 2/41 [Grinder/nerve-wracking pain (6)]
  1922 | D:3      | Slain by Grinder

Vault maps used:
D:1:      ncdulo_wetmaze, due_unseen_surprise
D:2:      nicolae_ru_great_annihilating_truth, tgw_xom
D:3:      nicolae_overflow_hidden_temple, first_bread, uniq_sigmund,
          uniq_grinder

Action                   |  1- 3 |  4- 6 || total
-------------------------+-------+-------++-------
Melee: War axe           |    80 |    21 ||   101
       Unarmed           |       |     2 ||     2
  Use: Potion            |       |     2 ||     2
 Stab: Paralysed         |     2 |       ||     2
       Invisible         |     1 |       ||     1
  Eat: Chunk             |     1 |       ||     1
       Meat ration       |       |     1 ||     1

Vault maps used:
D:1:      ncdulo_wetmaze, due_unseen_surprise
D:2:      nicolae_ru_great_annihilating_truth, tgw_xom
D:3:      nicolae_overflow_hidden_temple, first_bread, uniq_sigmund,
          uniq_grinder

Table legend:
 A = Turns spent in this place as a percentage of turns spent in the entire game.
 B = Non-inter-level travel turns spent in this place as a percentage of non-inter-level travel turns spent in the entire game.
 C = Inter-level travel turns spent in this place as a percentage of turns spent in this place.
 D = Turns resting spent in this place as a percentage of non-inter-level travel turns spent in this place.
 E = Turns spent auto-exploring this place as a percentage of non-inter-level travel turns spent in this place.
 F = Non-inter-level travel turns spent in this place divided by the number of levels of this place that you've seen.
                   A       B       C       D       E      F
               +-------+-------+-------+-------+-------+----------------------
         Total | 100.0 | 100.0 |   0.7 |   1.4 |  16.3 | 138.7
       Dungeon | 100.0 | 100.0 |   0.7 |   1.4 |  16.3 | 138.7
               +-------+-------+-------+-------+-------+----------------------

Table legend:
 A = Kills in this place as a percentage of kills in entire the game.
 B = Kills by you in this place as a percentage of kills by you in the entire game.
 C = Kills by friends in this place as a percentage of kills by friends in the entire game.
 D = Other kills in this place as a percentage of other kills in the entire game.
 E = Experience gained in this place as a percentage of experience gained in the entire game.
 F = Experience gained in this place divided by the number of levels of this place that you have seen.
                   A       B       C       D       E      F
               +-------+-------+-------+-------+-------+----------------------
         Total | 100.0 | 100.0 |  -nan |  -nan | 100.0 |  42.7
       Dungeon | 100.0 | 100.0 |  -nan |  -nan | 100.0 |  42.7
               +-------+-------+-------+-------+-------+----------------------
